 Dungeon Crawl Stone Soup version 0.14-a0-1576-gf4c5cb9 (webtiles) character file.

176 M4edhros the Changer (level 4, -3/28 HPs)
             Began as an Octopode Transmuter on Dec 22, 2013.
             Slain by a gnoll
             ... wielding a +0,+0 spear
              (13 damage)
             ... on Level 2 of the Dungeon.
             The game lasted 00:01:45 (1411 turns).

M4edhros the Changer (Octopode Transmuter)          Turns: 1411, Time: 00:01:45

HP  -3/28        AC  1     Str  9      XL: 4   Next: 24%
MP   6/7         EV 12     Int 16      God:
Gold 105         SH  0     Dex 12      Spells:  1 memorised,  6 levels left

rFire  . . .     SeeInvis .       - Unarmed
rCold  . . .     Clarity  .     (no shield)
rNeg   . . .     Conserve .     (helmet restricted)
rPois  .         rCorr    .     j - amulet of the gourmand
rElec  .         rRot     .     (no ring)
SustAb . .       Spirit   .     (no ring)
rMut   .         Warding  .     (no ring)
Gourm  +         Stasis   .     (no ring)
                                (no ring)
                                (no ring)
                                (no ring)
                                (no ring)

@: slightly resistant to hostile enchantments, fairly stealthy
A: almost no armour, amphibious, 8 rings, constrict 8, camouflage 1, gelatinous
body 1
a: no special abilities


You were on level 2 of the Dungeon.
You were very hungry.

You visited 1 branch of the dungeon, and saw 2 of its levels.

You collected 105 gold pieces.

Inventory:

Missiles
 b - 12 arrows
Comestibles
 a - 2 bread rations
Scrolls
 e - 2 scrolls of teleportation {unknown}
 f - 3 scrolls of amnesia {unknown}
 g - 3 scrolls of identify {unknown}
 h - 2 scrolls of fear {unknown}
 i - 3 scrolls of remove curse {unknown}
 k - a scroll of enchant weapon II {unknown}
 l - a scroll of noise {unknown}
 m - a scroll of magic mapping {unknown}
 n - a scroll of curse jewellery {unknown}
Jewellery
 j - an amulet of the gourmand (around mantle)
 o - an uncursed ring of sustain abilities {unknown}
Potions
 c - 2 potions of curing
Books
 d - a book of Changes

   Spells                             Type                      Level
   *Beastly Appendage                 Transmutation                1
   Sticks to Snakes                   Transmutation                2
   Spider Form                        Transmutation/Poison         3
   Ice Form                           Ice/Transmutation            4
   Blade Hands                        Transmutation                5


   Skills:
 - Level 1.0 Fighting
 - Level 2.0 Dodging
 - Level 3.0 Unarmed Combat
 - Level 2.0 Spellcasting
 + Level 4.3 Transmutations


You had 6 spell levels left.
You knew the following spells:

 Your Spells              Type           Power        Failure   Level  Hunger
a - Beastly Appendage     Trmt           ###...       4%          1    #......


Dungeon Overview and Level Annotations

Branches:
Dungeon (2/16)

Altars:


Innate Abilities, Weirdness & Mutations

You cannot wear most types of armour.
You are amphibious.
You can wear up to eight rings at the same time.
You can use your tentacles to constrict many enemies at once.
Your skin changes colour to match your surroundings (Stlth).
Your rubbery body absorbs attacks (AC +1).


Message History

You constrict the gnoll.
You kill the gnoll!
You are feeling very hungry.
No target in view!
Your spike disappears.
The gnoll completely misses you.
Things that are here:
a spear; a gnoll corpse The gnoll barely misses you.
You start butchering the gnoll corpse.
You continue butchering the corpse.
The gnoll hits you from afar with a spear.
You stop butchering the corpse.
* * * LOW HITPOINT WARNING * * *
Drink which item? (? for menu, Esc to quit)
You feel better. The gnoll misses you. The gnoll hits you with a spear.
You closely miss the gnoll. You grab the gnoll.
You constrict the gnoll, but do no damage.
The gnoll hits you with a spear!
You die...

# .... ########## .....
#........# ........
#......<.#### .....g..# ###
#........)).# ........# ..#
#........##@##........#
#.####........##g.#.?......+
#....#........###.'g.g..g..#
####..........# ###...w....
###........# ######+#
###.###### #.# #.# #.# #.#
#.# #.. ##.#


You could see 2 gnolls.

Vanquished Creatures
  2 adders (D:2)
  2 gnolls (D:2)
  A worm (D:2)
  4 bats
  A giant cockroach (D:2)
  A goblin (D:2)
  4 hobgoblins
  5 jackals (D:1)
  A giant newt (D:1)
  2 kobolds (D:1)
  5 rats
28 creatures vanquished.

Notes
Turn   | Place    | Note
--------------------------------------------------------------
     0 | D:1      | M4edhros, the Octopode Transmuter, began the quest for the Orb.
     0 | D:1      | Reached XP level 1. HP: 13/13 MP: 3/3
   174 | D:1      | Reached XP level 2. HP: 4/18 MP: 4/4
  1029 | D:2      | Reached XP level 3. HP: 11/23 MP: 6/6
  1347 | D:2      | Reached skill level 4 in Transmutations
  1402 | D:2      | Reached XP level 4. HP: 14/28 MP: 5/7
  1411 | D:2      | Slain by a gnoll

Action                   |  1- 3 |  4- 6 || total
-------------------------+-------+-------++-------
Melee: Unarmed           |    70 |     3 ||    73
 Cast: Beastly Appendage |     4 |       ||     4
  Use: Potion            |     1 |     1 ||     2
 Stab: Sleeping          |     2 |       ||     2
